 Dungeon Crawl Stone Soup version 0.31.0-12-g77e489cdc1 (webtiles) character file.

Game seed: 143365229876061487

7 booth the Grave Robber (level 1, -2/13 HPs)
             Began as a Demonspawn Necromancer on Feb 11, 2024.
             Killed from afar by a dart slug (3 damage)
             ... with a slug dart
             ... on level 1 of the Dungeon.
             The game lasted 00:05:30 (890 turns).

booth the Grave Robber (Demonspawn Necromancer)      Turns: 890, Time: 00:05:31

Health: -2/13      AC:  4    Str:  8    XL:     1   Next: 83%
Magic:  0/3        EV: 12    Int: 15    God:
Gold:   92         SH:  0    Dex: 13    Spells: 3/4 levels left

rFire   . . .        l - +0 short sword
rCold   . . .        (no shield)
rNeg    . . .        a - +0 robe
rPois   .            (no helmet)
rElec   .            k - +0 cloak
rCorr   .            (no gloves)
SInv    .            j - +0 pair of boots
Will    .....        (no amulet)
Stlth   ++           (no ring)
HPRegen 0.22/turn    (no ring)
MPRegen 0.08/turn

%: no passive effects
@: no status effects
A: no striking features
a: no special abilities


You were on level 1 of the Dungeon.
You visited 1 branch of the dungeon, and saw 2 of its levels.

You collected 92 gold pieces.

Inventory:

Hand Weapons
 l - a +0 short sword (weapon)
Missiles
 c - a throwing net
Armour
 a - a +0 robe (worn)
 j - a +0 pair of boots (worn)
 k - a +0 cloak (worn)
Jewellery
 d - a ring of flight
Scrolls
 e - a scroll of teleportation {unknown}
Potions
 b - a potion of magic
 f - 2 potions of curing {unknown}
 g - a potion of degeneration {unknown}
 h - 2 potions of mutation {unknown}
 i - a potion of lignification {unknown}


   Skills:
 - Level 1.8 Dodging
 + Level 2.0 Stealth
 + Level 2.1 Spellcasting
 * Level 4.5 Necromancy


You had 3 spell levels left.
You knew the following spells:

 Your Spells              Type           Power      Damage    Failure   Level
a - Necrotise             Necr           60%        1d7       3%          1

Your spell library contained the following spells:

 Spells                   Type           Power      Damage    Failure   Level
 Vampiric Draining        Necr           15%        2d7       10%         3
 Lesser Beckoning         Tloc           2%         N/A       32%         2
 Dazzling Flash           Conj/Hex       2%         N/A       54%         3
 Gell's Gravitas          Tloc           1%         N/A       54%         3
 Mephitic Cloud           Conj/Alch/Air  1%         N/A       54%         3
 Teleport Other           Tloc           1%         N/A       54%         3
 Animate Dead             Necr           15%        N/A       32%         4
 Curse of Agony           Necr           15%        N/A       67%         5
 Silence                  Hex/Air        0%         N/A       99%         5


Dungeon Overview and Level Annotations

Branches:
Dungeon (2/15)

Altars:


Message History

There is a stone staircase leading down here.
You hit the dart slug.
The dart slug is heavily wounded.
The dart slug launches a dart at you. The slug dart hits you.
The endoplasm misses you.
You completely miss the dart slug.
The dart slug is heavily wounded.
The dart slug launches a dart at you. The slug dart hits you.
The endoplasm freezes you.
You are frozen.
* * * LOW HITPOINT WARNING * * *
Things that are here:
5 stones; a +0 short sword The endoplasm attacks as it pursues you!
The endoplasm barely misses you.
Casting: Necrotise (safe; 3% risk of failure)
Confirm with . or Enter, or press ? or * to list all spells.
Aiming: Necrotise (safe; 3% risk of failure)
Press: ? - help, Shift-Dir - straight line, f - endoplasm
Aim: an endoplasm (chance to affect: 85%)
The endoplasm barely resists.
The endoplasm hits you but does no damage.
You hit the endoplasm.
The endoplasm is severely wounded.
The endoplasm closely misses you.
The endoplasm attacks as it pursues you!
The endoplasm barely misses you.
You hit the endoplasm.
You kill the endoplasm!
Your Stealth skill increases to level 2!
You hit the dart slug.
The dart slug is severely wounded.
The dart slug bites you.
* * * LOW HITPOINT WARNING * * *
You hit the dart slug.
The dart slug is severely wounded.
The dart slug launches a dart at you. The slug dart hits you.
You die...

#..............# #...
#.##.(....(....######
#.##..............#
#.##..........###.##
#.##..........# #..##
#.##..........# ##..#
#.##..........# ##..
#.##..........# ###
##.##@.........# #
#..##w.........# ####
#.##..##..##.### #...
#.#........#.######...
#.................#...
#....(............#...
###..>.....#......+...
##........#......#...
#................#...


You could see a dart slug.

Vanquished Creatures
  An endoplasm (D:1)
  A giant cockroach (D:1)
  A jackal (D:1)
  A kobold (D:1)
  A ball python (D:1)
  A rat (D:1)
6 creatures vanquished.

Notes
Turn   | Place    | Note
-------+----------+-------------------------------------------
     0 | D:1      | booth the Demonspawn Necromancer began the quest for the
                  | Orb.
     0 | D:1      | Reached XP level 1. HP: 13/13 MP: 3/3
   434 | D:1      | Found a faded altar of an unknown god.
   890 | D:1      | Killed from afar by a dart slug

Illustrated notes

Levels and vault maps discovered:
D:1:      dpeg_arrival_arbitrary_a, layout_basic,
          shapermc_ecumenical_altar_petra, chequers_decorated_corner,
          st_stairs_5
D:2:      layout_loops_ring, basic_altar, uniq_robin

Skill      XL: |  1 |
---------------+----+-----
Stealth        | 2 |  2.0
Dodging        | |  1.8
Spellcasting   | |  2.1
Necromancy     | |  4.5

Action                     || total
---------------------------++-------
  Melee: Short sword       ||     6
         Unarmed           ||     6
   Cast: Necrotise         ||    14
 Armour: Robe              ||    11
  Dodge: Dodged            ||     8
